 Dungeon Sprint DCSS version 0.30-a0-845-g7c6808c8ce (webtiles) character file.

Game seed: 17687363882777784658

5602 NinjaNoafa the Grappler (level 10, -15/98 HPs)
             Began as a Troll Monk on Mar 2, 2023.
             Was the Champion of Wu Jian.
             Demolished by an ettin
             ... wielding a +0 dire flail
              (29 damage)
             ... in the Dungeon (Sprint V: "Ziggurat Sprint").
             The game lasted 00:07:56 (434 turns).

NinjaNoafa the Grappler (Troll Monk)                 Turns: 434, Time: 00:07:56

Health: -15/98     AC: 27    Str: 27 (29) XL:     10   Next: 45%
Magic:  12/12      EV: 11    Int:  4 (6)  God:    Wu Jian [******]
Gold:   0          SH: 12    Dex:  6 (7)  Spells: 13/13 levels left

rFire   + + .      SeeInvis .      - Unarmed
rCold   + . .      Faith    .    C - +3 kite shield
rNeg    + + .      Spirit   .    B - +5 gold dragon scales
rPois   +          Reflect  .    (helmet restricted)
rElec   .          Rampage  .    (no cloak)
rCorr   .          NoTele   +    (gloves unavailable)
Will    .....                    (boots unavailable) Stlth
                                 (no amulet)
HPRegen 1.16/turn                p - +6 ring of strength
MPRegen 0.13/turn                a - ring of Araagh {rF+ rN++ AC+4 Dex-3 Stlth+}

@: in a heavenly storm, on berserk cooldown, slowed, glowing, studying Ranged
Weapons, very slow
A: large, unfitting armour, claws 3, regeneration 1, shaggy fur 1, tough skin 1,
talons 1, clumsy 1, deterioration 2, dopey 1, frail 1, screaming 1
a: Renounce Religion, Wall Jump, Serpent's Lash, Heavenly Storm


You were in the Dungeon.
You worshipped Wu Jian.
Wu Jian was exalted by your worship.
You visited 1 branch

Inventory:

Armour
 B - +5 gold dragon scales (worn)
 C - a +3 kite shield (worn)
Jewellery
 a - the ring of Araagh (right claw) {rF+ rN++ AC+4 Dex-3 Stlth+}
   (You found it in the Dungeon)

   [ring of protection]

   AC:        It affects your AC (+4).
   Dex:       It affects your dexterity (-3).
   rF:        It protects you from fire.
   rN:        It greatly protects you from negative energy.
   Stlth:     It makes you more stealthy.
 k - a ring of flight
 l - a +6 ring of dexterity
 m - a +6 ring of dexterity
 n - a +6 ring of intelligence
 o - a +6 ring of intelligence
 p - a +6 ring of strength (left claw)
 q - a +6 ring of strength
 D - a ring of see invisible
 I - a ring of willpower
Wands
 i - a wand of mindburst (7)
 j - a wand of quicksilver (6)
Scrolls
 h - 3 scrolls of blinking
 r - 4 scrolls of amnesia
 s - 7 scrolls of fog
 t - 5 scrolls of identify
 u - a scroll of fear
 H - 4 scrolls of enchant weapon
Potions
 c - 9 potions of curing
 d - 8 potions of heal wounds
 e - 6 potions of haste
 f - 7 potions of magic
 g - 2 potions of berserk rage
 v - 2 potions of brilliance
 w - 2 potions of invisibility
 x - 3 potions of resistance
 A - 5 potions of might
Miscellaneous
 y - a lightning rod (4/4)
 z - a tin of tremorstones (2/2)
 E - a box of beasts
 G - a phantom mirror


   Skills:
 - Level 9.7 Fighting
 + Level 8.9 Armour
 - Level 8.6 Dodging
 - Level 1.0 Stealth
 + Level 9.7 Shields
 - Level 11.4 Unarmed Combat
 + Level 2.4 Spellcasting
 + Level 2.9 Transmutations
 - Level 5.5 Evocations


You had 13 spell levels left.
You didn't know any spells.
Your spell library contained the following spells:

 Spells                   Type           Power      Damage    Failure   Level
 Shock                    Conj/Air       0%         1d3       100%        1
 Slow                     Hex            0%         N/A       100%        1
 Cigotuvi's Dreadful Rot  Necr/Pois/Air  0%         N/A       100%        2
 Static Discharge         Conj/Air       0%         2-2/arc   100%        2
 Confusing Touch          Hex            0%         N/A       100%        3
 Stone Arrow              Conj/Erth      0%         3d7       100%        3
 Swiftness                Air            0%         N/A       100%        3
 Vampiric Draining        Necr           0%         2d6       100%        3
 Airstrike                Air            0%         2d(0-16)  100%        4
 Animate Armour           Summ/Erth      0%         N/A       100%        4
 Cause Fear               Hex            0%         N/A       100%        4
 Dispel Undead            Necr           0%         3d6       100%        4
 Manifold Assault         Tloc           0%         N/A       100%        4
 Death Channel            Necr           0%         N/A       100%        6
 Dispersal                Tloc           0%         N/A       100%        6
 Eringya's Noxious Bog    Tmut/Pois      0%         N/A       100%        6
 Dragon Form              Tmut           1%         N/A       100%        7
 Disjunction              Tloc           0%         N/A       100%        8
 Lehudib's Crystal Spear  Conj/Erth      0%         10d2      100%        8
 Dragon's Call            Summ           0%         N/A       100%        9


Dungeon Overview and Level Annotations

Branches:
Dungeon (1/1)

Altars:
Ashenzari
Cheibriados
Dithmenos
Elyvilon
Fedhas
Gozag
Hepliaklqana
Kikubaaqudgha
Makhleb
Nemelex Xobeh
Okawaru
Qazlal
Ru
Sif Muna
Trog
Uskayaw
Vehumet
Wu Jian
Xom
Yredelemnul
Zin
The Shining One
Jiyva
Lugonu

Annotations:
D 1 transporter


Innate Abilities, Weirdness & Mutations

You are too large for most types of armour.
You have claws for hands.
Your natural rate of healing is unusually fast.
You are covered in fur. (AC +1)
You have tough skin. (AC +1)
You have sharp toenails.
You are clumsy. (Dex -2)
Your body often deteriorates upon taking damage.
You are dopey. (Int -2)
You are frail. (-10% HP)
You occasionally shout uncontrollably at your foes.


Message History

The ettin hits your endoplasm with a +0 dire flail!!!
Your endoplasm dies!
Your endoplasm disappears in a puff of smoke!
The moth of wrath goads the orc warrior on!
The orc warrior goes berserk!
You claw the ettin!
The ettin is almost dead.
The orc warrior hits you from afar with a +0 trident!
Your body deteriorates!
You feel dopey. Something hits your hobgoblin!!
Your hobgoblin dies!
Your hobgoblin's corpse disappears in a puff of smoke!
You block the ogre's attack. The ettin closely misses you.
The ettin hits you but does no damage.
The orc warrior hits you but does no damage.
The orc knight roars a battlecry!
The orc warrior goes into a battle-frenzy!
The ettin hits you with a +0 dire flail!!!
* * * LOW HITPOINT WARNING * * *
Your body deteriorates!
You feel dopey.
The ettin hits you with a +0 dire flail!
* * * LOW HITPOINT WARNING * * *
Blink to where?
Press: ? - help, Dir - move target
As you read the scroll of blinking, it crumbles to dust.
The orc warrior hits you but does no damage.
You block the moth of wrath's attack. The orc warrior barely misses you.
The ogre rages.
You block the orc warrior's attack. The ettin hits you but does no damage.
You block the ettin's attack. The moth of wrath bites you.
* * * LOW HITPOINT WARNING * * *
As you read the scroll of fear, it crumbles to dust.
You assume a fearsome visage.
The moth of wrath looks frightened!
The orc knight looks frightened!
The ettin is unaffected.
The ogre is unaffected.
The gnoll bouda looks frightened!
The orc warrior looks frightened!
The orc warrior is unaffected.
You block the ettin's attack. The ettin hits you but does no damage.
The orc warrior hits you but does no damage.
The ettin hits you with a +0 dire flail!!
You die...

▓...☼§☼§§.▓§§§§§§ ▓
▓▓▓▓▓▓▓▓▓▓▓▓▓▓▓▓▓▓▓▓▓
▓...8©8...▓..☼8§8☼..▓
▓..)[}["..▓..§§§§§..▓
▓..|}||=..▓.○☼§§§§..▓
▓§........▓.§§§§§§..▓
▓§°°..)§☼§▓.§☼☼☼☼☼..▓
▓§°..).§§§▓.§☼§§§§§.▓
▓☼☼☼g§☼§☼@▓.☼§§§§§§.▓
▓§☼§§§☼o§C▓.▓☼§☼§☼▓.▓
▓.§§§☼○oyO▓☼G§§☼§☼☼.▓
▓..☼☼§o.§§▓▓▓▓▓▓▓▓▓▓▓
▓▓ ▓▓▓▓▓▓▓▓


You could see an orc knight (fleeing), an ettin (berserk), a moth of wrath
(fleeing), an orc warrior (berserk) and an ogre (berserk).

Vanquished Creatures
  4 shining eyes (D)
  2 ice devils (D)
  5 merfolk (D)
  2 wind drakes (D)
  A slime creature (D)
  A wyvern (D)
  A golden eye (D)
  A yak (D)
  A naga (D)
  3 floating eyes (D)
  2 orc warriors (D)
  A wolf (D)
  5 centaurs (D)
  4 bullfrogs (D)
  A wight (D)
  A crimson imp (D)
  An iron imp (D)
  4 jellies (D)
  2 iguanas (D)
  An adder (D)
  2 river rats (D)
  An adder skeleton (D)
  A ball python (D)
  4 endoplasms (D)
  2 ball python skeletons (D)
  A ball python zombie (D)
  A giant cockroach zombie (D)
  A quokka skeleton (D)
56 creatures vanquished.

Notes
Turn   | Place    | Note
-------+----------+-------------------------------------------
     0 | D        | NinjaNoafa the Troll Monk began the quest for the Orb.
     0 | D        | Reached XP level 1. HP: 22/22 MP: 0/0
     0 | D        | Found a shimmering blue altar of Sif Muna.
     0 | D        | Found a bloodstained altar of Trog.
     0 | D        | Found a sacrificial altar of Ru.
     0 | D        | Found a stormy altar of Qazlal.
     0 | D        | Found an iron altar of Okawaru.
     9 | D        | Became a worshipper of the Wu Jian Council
     9 | D        | Reached * piety under Wu Jian
     9 | D        | Reached ** piety under Wu Jian
    13 | D        | Found a sparkling altar of Nemelex Xobeh.
    13 | D        | Found the +6 Majin-Bo {spellvamp, MP+6 Int+6}
    13 | D        | Found the +27 heavy crossbow "Sniper" {heavy, Acc+∞ SInv}
    13 | D        | Found the +10 dark maul {heavy}
    13 | D        | Found the +15 Maxwell's patent armour {-Cast -Tele rElec
                  | Will+ rCorr}
    13 | D        | Found the +18 shield of the Gong {Loud rN+ Will+ rCorr
                  | EV-5}
    13 | D        | Found the +16 obsidian axe {drain, demonic, Mesm Drain Fly
                  | SInv}
    13 | D        | Found the +7 great mace "Firestarter" {flame, inner flame,
                  | rFlCloud rF++}
    13 | D        | Found the +6 shillelagh "Devastator" {shatter}
    13 | D        | Found the +11 plutonium sword {Contam Stlth-}
    13 | D        | Found the +8 lance "Wyrmbane" {slay drac, rPois rF+ rC+
                  | AC+3}
    13 | D        | Found the +9 sword of Zonguldrok {reap}
    13 | D        | Found the +13 scythe of Curses {drain, curses, Drain}
    13 | D        | Found the +9 sword of Power {lifebolt}
    13 | D        | Found the +7 mace of Variability {chaos, chain chaos}
    13 | D        | Found the +11 Singing Sword {sonic wave}
    13 | D        | Found the +8 storm bow {elec, penet}
    15 | D        | Found a corrupted altar of Lugonu.
    15 | D        | Found an ancient bone altar of Kikubaaqudgha.
    15 | D        | Found a burning altar of Makhleb.
    15 | D        | Found a transporter.
    15 | D        | Found a viscous altar of Jiyva.
    15 | D        | Found a hazy altar of Hepliaklqana.
    19 | D        | Found an opulent altar of Gozag.
    20 | D        | Found a blossoming altar of Fedhas.
   103 | D        | Entered arena 2.
   103 | D        | Found a transporter.
   124 | D        | Entered arena 3.
   124 | D        | Noticed a naga
   124 | D        | Found a transporter.
   130 | D        | Reached skill level 5 in Unarmed Combat
   130 | D        | Reached XP level 2. HP: 14/33 MP: 1/1
   135 | D        | Killed a naga
   136 | D        | Reached skill level 5 in Fighting
   136 | D        | Reached skill level 6 in Unarmed Combat
   136 | D        | Reached XP level 3. HP: 38/44 MP: 0/2
   136 | D        | Reached XP level 4. HP: 45/52 MP: 0/3
   136 | D        | Reached *** piety under Wu Jian
   137 | D        | Reached skill level 7 in Unarmed Combat
   169 | D        | Entered arena 4.
   169 | D        | Noticed an ice devil
   169 | D        | Noticed an ice devil
   169 | D        | Found a transporter.
   175 | D        | Reached XP level 5. HP: 59/59 MP: 4/4
   182 | D        | Killed an ice devil
   183 | D        | Reached skill level 5 in Dodging
   183 | D        | Reached skill level 5 in Shields
   183 | D        | Reached skill level 8 in Unarmed Combat
   183 | D        | Reached XP level 6. HP: 44/68 MP: 5/5
   183 | D        | Killed an ice devil
   183 | D        | Reached **** piety under Wu Jian
   184 | D        | Reached skill level 5 in Armour
   184 | D        | Reached XP level 7. HP: 52/78 MP: 6/6
   214 | D        | Entered arena 5.
   214 | D        | Found the dreamshard necklace {*Dream Drain}
   214 | D        | Noticed a yak
   214 | D        | Found a transporter.
   221 | D        | Reached skill level 9 in Unarmed Combat
   223 | D        | Reached skill level 1 in Evocations
   225 | D        | Killed a yak
   225 | D        | Reached ***** piety under Wu Jian
   249 | D        | Entered arena 6.
   249 | D        | Found a transporter.
   259 | D        | Got the Discourse on Transforming Attacks
   261 | D        | Got the ring of Araagh {rF+ rN++ AC+4 Dex-3 Stlth+}
   267 | D        | Entered arena 7.
   267 | D        | Noticed a wind drake
   267 | D        | Noticed a merfolk
   267 | D        | Noticed a merfolk
   267 | D        | Noticed a wind drake
   268 | D        | Found a transporter.
   274 | D        | Killed a wind drake
   274 | D        | Reached XP level 8. HP: 58/88 MP: 7/7
   274 | D        | Killed a merfolk
   275 | D        | Killed a wind drake
   279 | D        | Reached skill level 10 in Unarmed Combat
   283 | D        | Killed a merfolk
   299 | D        | Entered arena 8.
   299 | D        | Noticed a merfolk
   299 | D        | Noticed a merfolk
   299 | D        | Noticed a merfolk
   300 | D        | Found a transporter.
   302 | D        | Reached XP level 9. HP: 89/97 MP: 8/8
   305 | D        | Killed a merfolk
   312 | D        | Killed a merfolk
   312 | D        | Reached ****** piety under Wu Jian
   315 | D        | Killed a merfolk
   323 | D        | Entered arena 9.
   324 | D        | Found a transporter.
   335 | D        | Reached skill level 11 in Unarmed Combat
   342 | D        | Entered arena 10.
   342 | D        | Noticed a shining eye
   342 | D        | Noticed a shining eye
   343 | D        | Found a transporter.
   345 | D        | Gained mutation: You are frail. (-10% HP) [a shining eye]
   349 | D        | Killed a shining eye
   349 | D        | Paralysed by a floating eye for 2 turns
   350 | D        | Reached skill level 5 in Evocations
   351 | D        | Gained mutation: Your body sometimes deteriorates upon
                  | taking damage. [a shining eye]
   354 | D        | Gained mutation: You occasionally shout uncontrollably at
                  | your foes. [a shining eye]
   355 | D        | Gained mutation: Your body often deteriorates upon taking
                  | damage. [a shining eye]
   356 | D        | Killed a shining eye
   357 | D        | Reached XP level 10. HP: 79/98 MP: 9/9
   385 | D        | Entered arena 11.
   385 | D        | Noticed a shining eye
   385 | D        | Noticed a shining eye
   386 | D        | Found a transporter.
   389 | D        | Gained mutation: You have sharp toenails. [a shining eye]
   392 | D        | Gained mutation: You are clumsy. (Dex -2) [a shining eye]
   393 | D        | Reached skill level 1 in Transmutations
   399 | D        | Killed a shining eye
   400 | D        | Reached skill level 1 in Spellcasting
   401 | D        | Gained mutation: You are dopey. (Int -2) [a shining eye]
   403 | D        | Killed a shining eye
   415 | D        | Entered arena 12.
   416 | D        | Noticed a moth of wrath
   416 | D        | Noticed an orc knight
   416 | D        | Noticed an ettin
   417 | D        | Found a transporter.
   434 | D        | Demolished by an ettin

Illustrated notes

Levels and vault maps discovered:
D:        sprint_v [room_start, room_1, room_2, room_3, room_4, room_5, room_6,
          room_7, room_8, room_9, room_10, room_11, room_12, room_13, room_14,
          room_15, room_16, room_17, room_18, room_19, room_20, room_21,
          room_22, room_23, room_24, room_25, room_26, room_27]

Skill      XL: |  1  2  3  4  5  6  7  8  9 10 |
---------------+-------------------------------+-----
Fighting       | 4 5 6 7 8 9 |  9.7
Unarmed Combat | 5 6 7 8 9 10 11 | 11.4
Armour         | 2 3 4 5 6 8 |  8.9
Dodging        | 3 4 5 6 7 8 |  8.6
Shields        | 3 5 6 7 8 9 |  9.7
Evocations     | 2 3 5 |  5.5
Transmutations | 2 |  2.9
Spellcasting   | 2 |  2.4
Stealth        | |  1.0

Action                     |  1- 3 |  4- 6 |  7- 9 | 10-12 || total
---------------------------+-------+-------+-------+-------++-------
  Melee: Unarmed           |    11 |    23 |   108 |    33 ||   175
         Kick              |       |       |       |     7 ||     7
 Invoke: Serpent's Lash    |       |       |     1 |       ||     1
         Heavenly Storm    |       |       |     1 |       ||     1
Ability: Whirlwind         |     1 |    12 |    77 |    21 ||   111
         Wall Jump         |       |     3 |     3 |     2 ||     8
         Lunge             |       |       |    11 |     2 ||    13
  Evoke: Wand              |       |       |       |     1 ||     1
    Use: Potion            |     4 |       |       |     3 ||     7
         Scroll            |       |       |       |     2 ||     2
 Armour: Gold dragon scale |    19 |     7 |    25 |    18 ||    69
  Dodge: Dodged            |       |     4 |    56 |    18 ||    78
  Block: Kite shield       |    13 |     8 |    66 |    25 ||   112

Table legend: (Time is in decaauts)
 A = Elapsed time spent in this place.
 B = Non-inter-level travel time spent in this place.
 C = Inter-level travel time spent in this place.
 D = Time resting spent in this place.
 E = Time spent auto-exploring this place.
 F = Levels seen in this place.
 G = Mean time per level.
                   A        B        C        D        E       F      G
               +--------+--------+--------+--------+--------+-----+--------+
         Total |    446 |    446 |      0 |     14 |     68 |   1 |  446.0 |
       Dungeon |    446 |    446 |      0 |     14 |     68 |   1 |  446.0 |
               +--------+--------+--------+--------+--------+-----+--------+

Top non-repeatable levels by time:
       D: 446 daAuts
